 Dungeon Crawl Stone Soup version 0.27-a0-907-g9722c47 (webtiles) character file.

Game seed: 17643022939074304205

72 Nithhogg the Skirmisher (level 4, -5/35 HPs)
             Began as a Demonspawn Fighter on Apr 7, 2021.
             Killed by divine providence
             ... invoked by an orc priest
              (8 damage)
             ... on level 3 of the Dungeon.
             The game lasted 00:01:27 (1096 turns).

Nithhogg the Skirmisher (Demonspawn Fighter)        Turns: 1096, Time: 00:01:27

Health: -5/35      AC:  6    Str: 17    XL:     4   Next: 7%
Magic:  4/4        EV:  7    Int: 10    God:
Gold:   68         SH: 14    Dex: 16    Spells: 3/3 levels left

rFire    . . .     SeeInvis .   e - +0 short sword (freeze)
rCold    . . .     Faith    .   c - +0 kite shield
rNeg     . . .     Spirit   .   b - +0 scale mail
rPois    .         Reflect  +   (no helmet)
rElec    .         Harm     .   (no cloak)
rCorr    .         Rampage  .   (no gloves)
Will     .....                  (no boots)
Stlth    ++........             h - amulet of reflection
HPRegen  0.11/turn              (no ring)
MPRegen  0.09/turn              (no ring)

@: flying
A: thin skeletal structure 2
a: no special abilities


You were on level 3 of the Dungeon.
You visited 1 branch of the dungeon, and saw 3 of its levels.

You collected 68 gold pieces.

Inventory:

Hand Weapons
 a - a +0 long sword
 e - a +0 short sword of freezing (weapon)
Armour
 b - a +0 scale mail (worn)
 c - a +0 kite shield (worn)
Jewellery
 h - an amulet of reflection (around neck)
Scrolls
 g - a scroll of blinking {unknown}
 i - a scroll of immolation {unknown}
Potions
 d - a potion of might


   Skills:
 + Level 3.5 Fighting
 + Level 2.4 Long Blades
 + Level 3.2 Armour
 + Level 3.2 Shields


You had 3 spell levels left.
You didn't know any spells.
Your spell library was empty.

Dungeon Overview and Level Annotations

Branches:
Dungeon (2/15)

Altars:


Innate Abilities, Weirdness & Mutations

You have a moderately thin skeletal structure. (Dex +4, Stealth+)


Message History

You block the orc wizard's attack.
An orc priest comes into view. It is wielding a +0 whip.
The orc wizard misses you. The orc hits you with a +0 hand axe.
You hit the orc wizard. You freeze the orc wizard.
The orc wizard is moderately wounded.
The orc wizard curses loudly.
The orc wizard points at you and mumbles some strange words.
You resist with some effort. The orc hits you with a +0 hand axe.
The orc closely misses you.
You miss the orc wizard.
The orc wizard is moderately wounded.
The orc wizard hits you but does no damage.
The orc hits you with a +0 hand axe. You block the orc's attack.
You closely miss the orc wizard.
The orc wizard is moderately wounded.
The orc wizard points at you and mumbles some strange words.
The magic dart hits you. You block the orc's attack. The orc barely misses you.
You block the orc wizard's attack. The orc hits you with a +0 hand axe.
* * * LOW HITPOINT WARNING * * *
The orc hits you with a +0 hand axe.
* * * LOW HITPOINT WARNING * * *
You are too injured to fight recklessly!
You are too injured to fight recklessly!
You are too injured to fight recklessly!
You are too injured to fight recklessly!
You are too injured to fight recklessly!
You are too injured to fight recklessly!
You are too injured to fight recklessly!
You are too injured to fight recklessly!
It was a potion of flight.
You feel very buoyant.
You fly up into the air.
The orc priest calls upon Beogh to heal the orc wizard.
The orc wizard's wounds heal themselves!
The orc wizard casts a spell at itself.
The orc wizard flickers and vanishes!
Deactivating autopickup; reactivate with Ctrl-A.
The orc priest mumbles some strange prayers to Beogh against you.
Beogh smites you!
You die...

#)##......# #.........#
#...#).####.#
#......#.).#...######
.....#####...........
.......#............
.......#..#.....##.
#.#..#....##....#
#.#.#.#.####@...#
#.#.#...##.o....#
#.........S#...##
##.#...####...########
.#.#.#.#o................
.......J#.#.###.#########
.#.#.#>##.#.# #.# ...
#.#.# #.# #.#. ..#.# #.#


You could see an orc priest, an adder and an orc.

Vanquished Creatures
  A gnoll (D:1)
  An adder (D:3)
  2 dart slugs (D:1)
  2 ball pythons (D:1)
  2 endoplasms
  2 giant cockroaches (D:1)
  2 goblins (D:1)
  5 hobgoblins
  11 jackals (D:1)
  6 kobolds
  A quokka (D:1)
  5 bats (D:1)
  3 rats (D:1)
43 creatures vanquished.

Notes
Turn   | Place    | Note
-------+----------+-------------------------------------------
     0 | D:1      | Nithhogg the Demonspawn Fighter began the quest for the
                  | Orb.
     0 | D:1      | Reached XP level 1. HP: 18/18 MP: 1/1
    32 | D:1      | Gained mutation: You have a somewhat thin skeletal
                  | structure. (Dex +2, Stealth) [demonic ancestry]
    32 | D:1      | Reached XP level 2. HP: 17/24 MP: 2/2
   311 | D:1      | Found a faded altar of an unknown god.
   317 | D:1      | Reached XP level 3. HP: 27/29 MP: 3/3
  1012 | D:2      | You fall into a shaft and drop 1 floor!
  1028 | D:3      | Gained mutation: You have a moderately thin skeletal
                  | structure. (Dex +4, Stealth+) [demonic ancestry]
  1028 | D:3      | Reached XP level 4. HP: 31/35 MP: 4/4
  1096 | D:3      | Killed from afar by an orc priest

Illustrated notes

Levels and vault maps discovered:
D:1:      scummos_arrival_simple_fountains, layout_basic,
          chequers_ecumenical_altar_grove
D:2:      layout_loops_ring, minmay_pentomino_w4, uniq_jessica, uniq_robin
D:3:      layout_loops_ring, bloody_makhleb, st_stairs_11

Skill      XL: |  1  2 |
---------------+-------+-----
Long Blades    | 2 |  2.4
Shields        | 3 |  3.2
Armour         | 3 |  3.2
Fighting       | |  3.5

Action                   |  1- 3 |  4- 6 || total
-------------------------+-------+-------++-------
Melee: Long sword        |    38 |       ||    38
       Short sword       |    80 |     8 ||    88
  Use: Potion            |       |     1 ||     1
Armor: Scale mail        |    55 |     1 ||    56
Dodge: Dodged            |    37 |     3 ||    40
Block: Kite shield       |    71 |     7 ||    78
       Reflection        |       |     1 ||     1
       Rpst.: Long sword |    12 |       ||    12

Table legend: (Time is in decaauts)
 A = Elapsed time spent in this place.
 B = Non-inter-level travel time spent in this place.
 C = Inter-level travel time spent in this place.
 D = Time resting spent in this place.
 E = Time spent auto-exploring this place.
 F = Levels seen in this place.
 G = Mean time per level.
                   A        B        C        D        E       F      G
               +--------+--------+--------+--------+--------+-----+--------+
         Total |   1139 |   1131 |      8 |      0 |    854 |   3 |  379.7 |
       Dungeon |   1139 |   1131 |      8 |      0 |    854 |   3 |  379.7 |
               +--------+--------+--------+--------+--------+-----+--------+

Top non-repeatable levels by time:
     D:1: 877 daAuts
     D:2: 173 daAuts
     D:3: 88 daAuts
